 Dungeon Crawl Stone Soup version 0.29.0-4-gdea44cf6ec (webtiles) character file.

Game seed: 5373166296980474602

9 qw the Chopper (level 2, 0/17 HPs)
             Began as a Tengu Warper on Aug 28, 2022.
             Succumbed to a goblin's poison
             ... on level 1 of the Dungeon.
             The game lasted 00:00:01 (199 turns).

qw the Chopper (Tengu Warper)                        Turns: 199, Time: 00:00:01

Health: 0/17       AC:  3    Str: 11    XL:     2   Next: 12%
Magic:  6/6        EV: 11    Int: 13    God:
Gold:   9          SH:  0    Dex: 13    Spells: 5/5 levels left

rFire   . . .      SeeInvis .   a - +0 hand axe
rCold   . . .      Faith    .   (no shield)
rNeg    . . .      Spirit   .   b - +0 leather armour
rPois   .          Reflect  .   (helmet restricted)
rElec   .          Harm     .   (no cloak)
rCorr   .          Rampage  .   (no gloves)
Will    .....                   (boots unavailable)
Stlth   +.........              (no amulet)
HPRegen 0.05/turn               (no ring)
MPRegen 0.10/turn               (no ring)

@: lethally poisoned (0 -> -10)
A: beak, talons 3
a: no special abilities


You were on level 1 of the Dungeon.
You visited 1 branch of the dungeon, and saw 1 of its levels.

You collected 9 gold pieces.


Innate Abilities, Weirdness & Mutations

You have a beak for a mouth.
You have claws for feet.


   Skills:
 - Level 2.0 Fighting
 + Level 3.1 Axes
 - Level 1.0 Throwing
 - Level 1.1 Armour
 - Level 2.1 Dodging
 - Level 2.0 Spellcasting
 - Level 2.4 Translocations


You had 5 spell levels left.
You didn't know any spells.
Your spell library contained the following spells:

 Spells                   Type           Power      Damage    Failure   Level
 Blink                    Tloc           14%        N/A       19%         2
 Gell's Gravitas          Tloc           7%         N/A       36%         3
 Lesser Beckoning         Tloc           7%         N/A       36%         3
 Teleport Other           Tloc           7%         N/A       36%         3
 Manifold Assault         Tloc           7%         N/A       98%         5

Inventory:

Hand Weapons
 a - a +0 hand axe (weapon)
 e - a +0 club
Armour
 b - a +0 leather armour (worn)
Scrolls
 c - a scroll of blinking
Potions
 f - a potion of mutation {unknown}

Dungeon Overview and Level Annotations

Branches:
Dungeon (1/15)

Altars:


Message History

You start resting.
HP restored.
You now have 9 gold pieces.
A goblin comes into view. It is wielding a +0 club.
The goblin shouts!
Enter note: You hit the goblin.
Your kick misses the goblin.
The goblin is almost dead.
The goblin closely misses you.
You hit the goblin.
You kill the goblin!
Your Axes skill increases to level 3!
You have reached level 2!
You see here a +0 club.
A rat comes into view.
You hit the rat.
You kill the rat!
A kobold and a goblin come into view.
The goblin is wielding a +0 dagger of venom.
The kobold shouts!
The goblin shouts!
You hit the kobold.
You kill the kobold!
An endoplasm comes into view.
You closely miss the goblin. The goblin hits you but does no damage.
You are poisoned.
The goblin hits you with a +0 dagger of venom.
You are lethally poisoned!
196 ||| Stepping ~*~*~tactically~*~*~ (stealth).
The goblin attacks as you move away! The goblin closely misses you.
You feel very sick.
197 ||| Stepping ~*~*~tactically~*~*~ (stealth).
You feel very sick.
198 ||| Stepping ~*~*~tactically~*~*~ (stealth).
The goblin attacks as you move away!
The goblin hits you with a +0 dagger of venom.
A jackal comes into view.
You feel very sick.
You hit the goblin.
You kill the goblin!
You die...

!##. #..)####
.... #...# #..###
#..%# #....#
#...#
#.###J#.#####...#
.....$).........#
#.###.#.######..#
#.#)######..#
#..@........#
......#.#######.#
......#.# .#
##### #.# .# ..#
.# #.# # #.#
###### #h# #.....
..~~~ยค


You could see a jackal (asleep).

Vanquished Creatures
  A bat (D:1)
  An endoplasm (D:1)
  3 goblins (D:1)
  A hobgoblin (D:1)
  A kobold (D:1)
  2 rats (D:1)
9 creatures vanquished.

Notes
Turn   | Place    | Note
-------+----------+-------------------------------------------
     0 | D:1      | qw the Tengu Warper began the quest for the Orb.
     0 | D:1      | Reached XP level 1. HP: 12/12 MP: 4/4
     0 | D:1      | 0 ||| qw: Version: 0.1-a-89-g26bdef1
     0 | D:1      | 0 ||| qw: Game counter: 2344
     0 | D:1      | 0 ||| qw: Always use a shield: true
     0 | D:1      | 0 ||| qw: God list: Okawaru
     0 | D:1      | 0 ||| qw: Allow faded altars: false
     0 | D:1      | 0 ||| qw: Do Orc after D:15 true
     0 | D:1      | 0 ||| qw: Do second Lair branch before Depths: true
     0 | D:1      | 0 ||| qw: Lair rune preference: random
     0 | D:1      | 0 ||| qw: Plans: Normal
     0 | D:1      | 0 ||| PLANNING D:1-11
    43 | D:1      | Found a faded altar of an unknown god.
   174 | D:1      | Reached skill level 3 in Axes
   174 | D:1      | Reached XP level 2. HP: 17/17 MP: 6/6
   196 | D:1      | 196 ||| Stepping ~*~*~tactically~*~*~ (stealth).
   197 | D:1      | 197 ||| Stepping ~*~*~tactically~*~*~ (stealth).
   198 | D:1      | 198 ||| Stepping ~*~*~tactically~*~*~ (stealth).
   198 | D:1      | HP: 2/17 [poisoned by a goblin]
   199 | D:1      | Succumbed to a goblin's poison

Levels and vault maps discovered:
D:1:      ebering_hopf_link, layout_loops_ring,
          ebering_ecumenical_altar_sacrificial

Skill      XL: |  1 |
---------------+----+-----
Axes           | 3 |  3.1
Fighting       | |  2.0
Throwing       | |  1.0
Armour         | |  1.1
Dodging        | |  2.1
Spellcasting   | |  2.0
Translocations | |  2.4

Action                   || total
-------------------------++-------
Melee: Hand axe          ||    16
       Kick              ||     3
Throw: Boomerang         ||     7
Armor: Leather armour    ||     1
Dodge: Dodged            ||     9

Table legend:
 A = Non-vault XP
 B = Vault XP
 C = Vault XP percentage of total XP
 D = Non-vault monster count
 E = Vault monster count
 F = Vault count percentage of total count
                 A         B        C        D         E       F
            +---------+---------+-------+---------+---------+-------
      Total |      14 |       0 |   0.0 |       9 |       0 |   0.0
            +---------+---------+-------+---------+---------+-------
        D:1 |      14 |       0 |   0.0 |       9 |       0 |   0.0
            +---------+---------+-------+---------+---------+-------
